 Dungeon Crawl Stone Soup version 0.25-a0-713-g4845790874 (webtiles) character file.

Game seed: 1262960116306300377, levelgen mode: deterministic

4034 vurker the Zephyrmancer (level 10, 21/47 HPs)
             Began as a Felid Air Elementalist on Apr 5, 2020.
             Was a Priest of Vehumet.
             Quit the game in a Gauntlet.
             The game lasted 00:26:43 (19493 turns).

vurker the Zephyrmancer (Felid Air Elementalist)   Turns: 19493, Time: 00:26:43

Health: 21/47      AC:  2    Str:  8    XL:     10   Next: 4%
Magic:  25/25      EV: 20    Int: 23    God:    Vehumet [***...]
Gold:   619        SH:  0    Dex: 20    Spells: 19/29 levels left
                                        Lives:  0   Deaths: 3

rFire    . . .     SeeInvis +   (weapon unavailable)
rCold    . . .     Gourm    .   (shield unavailable)
rNeg     . . .     Faith    .   (armour unavailable)
rPois    .         Spirit   .   (helmet unavailable)
rElec    .         Reflect  .   (cloak unavailable)
rCorr    +         Harm     .   (gloves unavailable)
MR       ++...     Clarity  +   (boots unavailable) Stlth +++.......NoTele +
                                (no amulet)
HPRegen  0.15/turn              o - ring "Plog" {MR+ rCorr Str+4 Dex+2}
MPRegen  0.19/turn              a - +4 ring of intelligence

@: quick
A: very small, no armour, no weapons or thrown items, stealth, claws 1, fangs 3,
horns 1, see invisible, carnivore, clarity, speed 1, shaggy fur 2, slow
metabolism 1, MP-powered wands, sharp paws
a: Renounce Religion


You were in a Gauntlet.
You worshipped Vehumet.
Vehumet was most pleased with you.
You were not hungry.

You visited 3 branches of the dungeon, and saw 13 of its levels.
You also visited: Gauntlet.

You collected 619 gold pieces.

Inventory:

Jewellery
 a - a +4 ring of intelligence (right paw)
   (You took it off a hobgoblin on level 1 of the Dungeon)
 c - an uncursed ring of poison resistance
   (You found it on level 1 of the Dungeon)
 k - an uncursed amulet of rage
   (You took it off an orc warrior on level 9 of the Dungeon)
 o - the ring "Plog" (left paw) {MR+ rCorr Str+4 Dex+2}
   (You found it in a Gauntlet)

   [ring of resist corrosion]

   It affects your strength (+4).
   It affects your dexterity (+2).
   It affects your resistance to hostile enchantments.
   It provides partial protection from all sources of acid and corrosion.
 s - an uncursed ring of positive energy
   (You found it on level 5 of the Dungeon)
 x - an uncursed ring of fire
   (You found it on level 8 of the Dungeon)
 D - an uncursed ring of positive energy
   (You found it in a Gauntlet)
Wands
 p - a wand of polymorph (5)
   (You found it on level 4 of the Dungeon)
 t - a wand of flame (14)
   (You took it off Joseph on level 9 of the Dungeon)
 B - a wand of scattershot (5)
   (You found it on level 10 of the Dungeon)
Scrolls
 b - a scroll of fear {unknown}
 f - 3 scrolls of magic mapping
 g - 2 scrolls of immolation
 i - 9 scrolls of teleportation
 j - a scroll of noise {unknown}
 q - 4 scrolls of remove curse
 u - a scroll of random uselessness {unknown}
 y - a scroll of fog {unknown}
Potions
 d - a potion of cancellation
 h - 3 potions of flight
 l - a potion of mutation
 m - a potion of haste
 n - 4 potions of lignification
 r - a potion of magic
 v - 2 potions of curing
 z - 4 potions of heal wounds
 A - 2 potions of ambrosia
Comestibles
 e - 24 rations


   Skills:
 + Level 7.5 Fighting
 + Level 4.2 Dodging
 - Level 2.6 Stealth
 * Level 10.1 Spellcasting
 - Level 8.0 Conjurations
 * Level 10.3 Air Magic


You had 19 spell levels left.
You knew the following spells:

 Your Spells              Type           Power        Failure   Level  Hunger
a - Shock                 Conj/Air       ####         1%          1    None
b - Lightning Bolt        Conj/Air       ######....   1%          5    ####...
c - Airstrike             Air            ######....   1%          4    #......

Your spell library contained the following spells:

 Spells                   Type           Power        Failure   Level  Hunger
 Sticky Flame             Conj/Fire      ####....     3%          4    #......
 Swiftness                Chrm/Air       #####...     1%          2    None
 Static Discharge         Conj/Air       ######..     1%          3    None


Dungeon Overview and Level Annotations

Branches:
Dungeon (11/15)            Temple (1/1) D:7            Lair (1/6) D:11
Gauntlet (1/1)
    Orc: D:9-12

Altars:
Ashenzari
Cheibriados
Elyvilon
Fedhas
Hepliaklqana
Kikubaaqudgha
Makhleb
Nemelex Xobeh
Okawaru
Qazlal
Ru
Sif Muna
Trog
Uskayaw
Vehumet
Wu Jian
Xom
Zin
The Shining One

Shops:
D:11 [

Annotations:
Gauntlet 6 transporters, 1 runed translucent door


Innate Abilities, Weirdness & Mutations

You cannot wear armour.
You are incapable of wielding weapons or throwing items.
Your paws allow you to move quietly. (Stealth)
You have sharp claws.
You have razor-sharp teeth.
You have supernaturally acute eyesight. (SInv)
You are carnivorous and can eat meat at any time.
You cover ground quickly.
You are covered in thick fur. (AC +2)
You have a slow metabolism.
Your sharp claws are effective at attacking unaware monsters.
You have a pair of small horns on your head.
You possess an exceptional clarity of mind.
You expend magic power (3 MP) to strengthen your wands.


Message History

Vehumet accepts your kill.
You feel your power returning. The flying skull hits you.
* * * LOW HITPOINT WARNING * * *
The flying skull hits you!
* * * LOW HITPOINT WARNING * * *
The flying skull misses you. The flying skull closely misses you.
The flying skull misses you. The flying skull misses you.
There is a transporter here.
You see here a heavily runed golden ring.
o - a heavily runed golden ring The flying skull completely misses you.
The flying skull barely misses you. The flying skull hits you!
You die...
The flying skull hits you!
You are now level 10!
You rejoin the land of the living...
Okay, then.
The death ooze enters a dispersal trap!
The death ooze blinks!
The chaos spawn gurgles horribly!
The death ooze jiggles.
The death ooze enters a dispersal trap!
The death ooze blinks!
The neqoxec shouts!
You hear a trumpeting!
Okay, then.
You're wearing all the rings you can.
Remove which one? (? for menu, Esc to cancel) < or
c - a ring of poison resistance; > or
a - a +4 ring of intelligence You remove your ring of poison resistance.
You feel stronger.
You feel agile.
o - the ring "Plog" (left paw) {MR+ rCorr Str+4 Dex+2}
There is a transporter here.
You enter the transporter and appear at another place.
There is a transporter here.
You enter the transporter and appear at another place.
There is a transporter here.
You enter the transporter and appear at another place.
You open the door.
There is an open translucent door here.
The thrashing horror misses you.
The thrashing horror completely misses you.
The thrashing horror tramples you.
You stumble backwards!
The thrashing horror roars!
The thrashing horror tramples you!
You hold your ground!
The thrashing horror misses you.
The thrashing horror completely misses you. x2
The thrashing horror tramples you!
You hold your ground!
The thrashing horror tramples you!
* * * LOW HITPOINT WARNING * * *
You hold your ground!
You see here 21 bolts.

................
8.8.8.©.©.8.8.8
............ ## ###
######### ###
##≈###≈###.......###≈##
#≈≈≈#≈≈≈#..∩.8.∩..#≈≈≈#
#≈....................
##.#########.#########
##≈.#.@X©./.#.#z†zz?).#
#≈≈.#X#####x#.#z.z8z.z#
##≈.#.#≈≈≈#.#.#8z8.8.8#
##.#.#.©.#x####8.©.8##
##≈.#.'...+.#.#8.8.8.8#
#≈≈.#x#####.#.#...8...#
##≈.#..x....#.#..8#8..#
##.#########.#########
##≈....#©.........©#...


You could see 2 thrashing horrors and 3 small abominations.

Vanquished Creatures
  3 two-headed ogres
  A skeletal warrior (D:11)
  An unseen horror (D:11)
  A cyclops (D:11)
  Joseph (D:9)
  Maggie (D:7)
  A smoke demon (Gauntlet)
  A komodo dragon (D:11)
  3 trolls
  A hornet (D:11)
  A queen bee (Gauntlet)
  Prince Ribbit (D:5)
  2 hippogriffs (D:11)
  3 flying skulls (Gauntlet)
  A vampire (D:11)
  3 wraiths (D:10)
  A hungry ghost (D:10)
  A steam dragon (D:9)
  Grum (D:8)
  Menkaure (D:5)
  An acid dragon (D:11)
  2 water moccasins
  4 orc warriors
  3 porcupines (D:11)
  5 black bears
  A sky beast (D:8)
  4 ice beasts
  An eye of draining (D:9)
  2 phantoms
  3 centaurs
  2 wolves
  3 ogres
  A crocodile (D:10)
  6 bullfrogs
  2 wyvern skeletons
  4 scorpions
  15 killer bees
  3 howler monkeys (D:7)
  A centaur zombie (D:11)
  8 crimson imps
  3 jellies
  6 hounds
  A bullfrog skeleton (D:8)
  7 orc priests
  A centaur skeleton (D:6)
  9 orc wizards
  Natasha (thrice) (D:3)
  4 iguanas
  7 worker ants
  A hound zombie (D:5)
  4 hound skeletons
  7 gnolls
  7 adders
  3 shadow imps
  2 adder skeletons
  A dart slug (D:3)
  6 leopard geckos
  37 orcs
  12 bats
  5 giant cockroaches
  11 goblins
  13 hobgoblins
  3 jackals (D:8)
  4 quokkas
  3 ball pythons
  3 frilled lizards
  A jackal skeleton (D:7)
  6 kobolds
  A leopard gecko skeleton (D:7)
  6 rats
277 creatures vanquished.

Vanquished Creatures (others)
  22 fungi (D:11)
  6 plants (D:11)
  A withered plant (Gauntlet)
29 creatures vanquished.

Grand Total: 306 creatures vanquished

Notes
Turn   | Place    | Note
-------+----------+-------------------------------------------
     0 | D:1      | vurker the Felid Air Elementalist began the quest for the
                  | Orb.
     0 | D:1      | Reached XP level 1. HP: 7/7 MP: 4/4
    80 | D:1      | Reached skill level 1 in Conjurations
   389 | D:1      | Reached XP level 2. HP: 12/12 MP: 4/6
   947 | D:1      | Reached XP level 3. HP: 15/15 MP: 0/7
  1560 | D:2      | Found an ancient bone altar of Kikubaaqudgha.
  1667 | D:2      | Reached skill level 1 in Fighting
  1759 | D:2      | Found a blossoming altar of Fedhas.
  2148 | D:3      | Reached XP level 4. HP: 19/19 MP: 4/9
  2352 | D:3      | Noticed Natasha
  2663 | D:3      | Killed from afar by Natasha
  2664 | D:3      | Reached XP level 3. HP: 0/15 MP: 3/8
  2668 | D:3      | Reached XP level 4. HP: 5/19 MP: 4/9
  2679 | D:3      | Killed Natasha
  2760 | D:3      | Noticed Natasha
  2766 | D:3      | Killed Natasha
  2882 | D:3      | Reached XP level 5. HP: 20/22 MP: 8/11
  2924 | D:3      | Noticed Natasha
  2931 | D:3      | Killed Natasha
  3580 | D:3      | Learned a level 5 spell: Lightning Bolt
  3585 | D:3      | Learned a level 4 spell: Airstrike
  3905 | D:4      | Gained mutation: You are covered in thick fur. (AC +2)
                  | [Felid growth]
  3905 | D:4      | Reached XP level 6. HP: 17/26 MP: 3/12
  4136 | D:4      | Found a bloodstained altar of Trog.
  4177 | D:4      | Found a glowing golden altar of the Shining One.
  4799 | D:5      | Entered Level 5 of the Dungeon
  5040 | D:5      | Noticed Prince Ribbit
  5172 | D:5      | Killed Prince Ribbit
  5172 | D:5      | Reached skill level 5 in Air Magic
  5172 | D:5      | Reached XP level 7. HP: 11/31 MP: 5/15
  5446 | D:5      | Found a snail-covered altar of Cheibriados.
  5541 | D:5      | Noticed Menkaure
  5545 | D:5      | Killed Menkaure
  5545 | D:5      | Reached skill level 5 in Spellcasting
  6298 | D:6      | Found an ornate altar of the Wu Jian Council.
  6301 | D:6      | Reached XP level 8. HP: 34/34 MP: 7/17
  6669 | D:6      | Gained mutation: You expend magic power (3 MP) to
                  | strengthen your wands. [potion of mutation]
  6669 | D:6      | Gained mutation: You possess an exceptional clarity of
                  | mind. [potion of mutation]
  6669 | D:6      | Gained mutation: You have a pair of small horns on your
                  | head. [potion of mutation]
  7897 | D:7      | Found a white marble altar of Elyvilon.
  8142 | D:7      | Found a staircase to the Ecumenical Temple.
  8154 | Temple   | Entered the Ecumenical Temple
  8166 | Temple   | Became a worshipper of Vehumet
  8709 | D:7      | Reached XP level 9. HP: 39/39 MP: 14/19
  9013 | D:7      | Found a shattered altar of Ashenzari.
  9121 | D:7      | Noticed Maggie
  9134 | D:7      | Killed Maggie
  9827 | D:8      | Noticed Grum
 10259 | D:8      | Reached skill level 5 in Fighting
 10265 | D:8      | Killed Grum
 10530 | D:8      | Reached skill level 5 in Conjurations
 10533 | D:8      | Reached * piety under Vehumet
 10533 | D:8      | Offered knowledge of Freeze by Vehumet.
 10651 | D:8      | Found a shimmering blue altar of Sif Muna.
 11141 | D:9      | Noticed Joseph
 12066 | D:9      | Found a hide-covered altar of Uskayaw.
 12070 | D:9      | Noticed a +0 dagger
 12070 | D:9      | Noticed a +0 dagger
 12216 | D:9      | Reached XP level 10. HP: 45/45 MP: 13/22
 12929 | D:9      | Found an iron altar of Okawaru.
 13207 | D:9      | Offered knowledge of Sandblast by Vehumet.
 13213 | D:9      | Reached ** piety under Vehumet
 13639 | D:9      | Killed Joseph
 13775 | D:10     | Entered Level 10 of the Dungeon
 13785 | D:10     | Noticed a two-headed ogre
 13802 | D:10     | Killed a two-headed ogre
 14505 | D:10     | Noticed Josephine
 15648 | D:10     | Noticed Josephine
 15648 | D:10     | Josephine changed into Josephine the two-headed ogre
 15695 | D:10     | Killed Josephine the two-headed ogre
 15985 | D:11     | Reached XP level 11. HP: 49/49 MP: 10/25
 16693 | D:11     | Offered knowledge of Conjure Flame by Vehumet.
 16807 | D:11     | Found a staircase to the Lair.
 16951 | D:11     | Found Cheibriados's Comfort Zone.
 16952 | D:11     | Found a snail-covered altar of Cheibriados.
 17186 | D:11     | Reached *** piety under Vehumet
 17417 | D:11     | Noticed an unseen horror
 17420 | D:11     | Killed an unseen horror
 17486 | D:11     | Noticed a two-headed ogre
 17491 | D:11     | Killed a two-headed ogre
 17611 | D:11     | Noticed a skeletal warrior
 18238 | D:11     | Hit by a large rock thrown by a cyclops
 18239 | D:11     | Reached XP level 10. HP: -3/47 MP: 24/24
 18329 | D:11     | Killed a skeletal warrior
 18329 | D:11     | Reached skill level 10 in Air Magic
 18498 | D:11     | Killed a cyclops
 18746 | Lair:1   | Entered Level 1 of the Lair of Beasts
 18795 | Lair:1   | Found a gate leading to a gauntlet.
 18815 | Gauntlet | Entered a Gauntlet
 18815 | Gauntlet | Found a transporter.
 18815 | Gauntlet | Found a transporter.
 18815 | Gauntlet | Noticed a smoke demon
 18827 | Gauntlet | Found a transporter.
 18828 | Gauntlet | Found a transporter.
 18836 | Gauntlet | Found a transporter.
 18836 | Gauntlet | Noticed a death ooze
 18840 | Gauntlet | Found a transporter.
 18848 | Gauntlet | Found a transporter.
 18861 | Gauntlet | Noticed a thrashing horror
 18862 | Gauntlet | Found a runed translucent door.
 18864 | Gauntlet | Found a transporter.
 18867 | Gauntlet | Found a runed translucent door.
 18867 | Gauntlet | Noticed a thrashing horror
 18878 | Gauntlet | Found a transporter.
 18882 | Gauntlet | Found a transporter.
 18893 | Gauntlet | Found a transporter.
 18894 | Gauntlet | Found a transporter.
 18895 | Gauntlet | Found a runed translucent door.
 18947 | Gauntlet | Offered knowledge of Sticky Flame by Vehumet.
 19001 | Gauntlet | Killed a smoke demon
 19001 | Gauntlet | Reached skill level 10 in Spellcasting
 19449 | Gauntlet | Reached XP level 11. HP: 49/50 MP: 22/26
 19460 | Gauntlet | Got a heavily runed golden ring
 19460 | Gauntlet | Mangled by a flying skull
 19461 | Gauntlet | Reached XP level 10. HP: -6/47 MP: 10/25
 19475 | Gauntlet | Identified the ring "Plog" {MR+ rCorr Str+4 Dex+2} (You
                  | found it in a Gauntlet)
 19493 | Gauntlet | Quit the game

Levels and vault maps discovered:
D:1:      dpeg_arrival_water_temple_mockup, layout_basic, serial_forest,
          infiniplex_forest_clump_tiny, infiniplex_forest_lined_3,
          infiniplex_forest_fountain, infiniplex_forest_clump_large,
          infiniplex_forest_clump_cross, infiniplex_forest_straight_4,
          infiniplex_forest_straight_4
D:2:      layout_loops_cross, lemuel_doored_altar,
          nicolae_overflow_crystal_walls, first_ration
D:3:      layout_basic, uniq_natasha
D:4:      layout_loops_cross, nicolae_overflow_hidden_temple, tso_metal_star,
          skrybe_limestone_x
D:5:      layout_cave_pools, cheibriados_altar_1, uniq_prince_ribbit1,
          uniq_menkaure
D:6:      layout_loops_ring, overflow_temple_1_default, minmay_misc_feat_x,
          minmay_stone_trees_small
D:7:      layout_cave_pools, kennysheep_mini, lemuel_round_altar,
          temple_statues, grunt_ogre_cave, uniq_maggie
D:8:      layout_basic, basic_altar, uniq_grum
D:9:      layout_loops_ring, dancing_weapons_uskayaw, okawaru_ov_weapons_minmay,
          uniq_joseph
D:10:     layout_long_grid, uniq_josephine
D:11:     layout_basic, due_lair_maze_entry_diamond, serial_glass,
          glass_columns_c, glass_columns_b, glass_columns_c, glass_columns_a,
          glass_columns_a, glass_columns_a, glass_columns_c, glass_columns_b,
          minmay_shop_chei, minmay_fractal_squares_5
Temple:   nicolae_temple_x_marks_the_god
Lair:1:   layout_roguey, gauntlet_entry_generic
Gauntlet: minmay_gauntlet_77_indecision [minmay_gauntlet_arena_77_box,
          minmay_gauntlet_arena_77_path, minmay_gauntlet_arena_77_two_paths,
          minmay_gauntlet_arena_77_squiggly,
          minmay_gauntlet_arena_77_terracotta_army,
          minmay_gauntlet_arena_77_shame_cube, gauntlet_exit_spiral]

Skill      XL: |  1  2  3  4  5  6  7  8  9 10 11 |
---------------+----------------------------------+-----
Conjurations   | 1 2 3 4 5 7 8 |  8.0
Air Magic      | 3 4 5 6 8 10 | 10.3
Fighting       | 1 2 3 4 5 6 7 |  7.5
Spellcasting   | 3 4 5 6 7 10 | 10.1
Dodging        | 4 3 |  4.2
Stealth        | |  2.6

Action                   |  1- 3 |  4- 6 |  7- 9 | 10-12 || total
-------------------------+-------+-------+-------+-------++-------
Melee: Unarmed           |    13 |    13 |    12 |       ||    38
       Bite              |     1 |     1 |     4 |       ||     6
       Headbutt          |       |       |     1 |       ||     1
 Cast: Shock             |    93 |   180 |    21 |    18 ||   312
       Airstrike         |       |     4 |   150 |   205 ||   359
       Lightning Bolt    |       |       |       |     1 ||     1
Evoke: Wand              |       |       |     6 |     9 ||    15
  Use: Scroll            |     4 |       |     9 |     7 ||    20
       Potion            |       |     1 |     1 |     1 ||     3
  Eat: Chunk             |    11 |    10 |    30 |    25 ||    76
Armor: Skin              |     1 |     5 |     1 |     2 ||     9
Dodge: Dodged            |    20 |    48 |    31 |    55 ||   154

Table legend:
 A = Non-vault XP
 B = Vault XP
 C = Vault XP percentage of total XP
 D = Non-vault monster count
 E = Vault monster count
 F = Vault count percentage of total count
                 A         B        C        D         E       F
            +---------+---------+-------+---------+---------+-------
      Total |   12269 |    7428 |  37.7 |     238 |      39 |  14.1
            +---------+---------+-------+---------+---------+-------
        D:1 |      41 |       0 |   0.0 |      22 |       0 |   0.0
        D:2 |      36 |       0 |   0.0 |      15 |       0 |   0.0
        D:3 |     227 |      35 |  13.4 |      37 |       1 |   2.6
        D:4 |     266 |       0 |   0.0 |      22 |       0 |   0.0
        D:5 |     302 |     458 |  60.3 |       9 |       2 |  18.2
        D:6 |     523 |       0 |   0.0 |      11 |       0 |   0.0
        D:7 |    1175 |     645 |  35.4 |      26 |       3 |  10.3
        D:8 |     560 |     298 |  34.7 |      18 |       2 |  10.0
        D:9 |    2540 |     450 |  15.1 |      36 |       1 |   2.7
       D:10 |    1780 |    1525 |  46.1 |      15 |       4 |  21.1
       D:11 |    4674 |    2279 |  32.8 |      26 |      15 |  36.6
     Lair:1 |     145 |       0 |   0.0 |       1 |       0 |   0.0
   Gauntlet |       0 |    1738 | 100.0 |       0 |      11 | 100.0
            +---------+---------+-------+---------+---------+-------
